 Dungeon Sprint DCSS version 0.26.1-2-gb8aa6d0cf2 (webtiles) character file.

Game seed: 14151120589279243062

264 Groucho the Shield-Bearer (level 6, 0/56 HPs)
             Began as a Gnoll Fighter on Mar 9, 2021.
             Was a Follower of Cheibriados.
             Slain by a steam dragon (2 damage)
             ... in the Dungeon (Sprint IX: "|||||||||||||||||||||||||||||").
             The game lasted 00:01:43 (428 turns).

Groucho the Shield-Bearer (Gnoll Fighter)            Turns: 428, Time: 00:01:44

Health: 0/56       AC: 13    Str: 22    XL:     6   Next: 19%
Magic:  10/12      EV:  9    Int: 20    God:    Cheibriados [*.....]
Gold:   0          SH: 12    Dex: 19    Spells: 13/13 levels left

rFire    . . .     SeeInvis .   l - +1 broad axe of Context {vorpal, rPois Int+2 Dex+2}
rCold    . . .     Faith    .   c - +0 kite shield
rNeg     . . .     Spirit   .   m - +1 chain mail
rPois    +         Reflect  .   (no helmet)
rElec    .         Harm     .   (no cloak)
rCorr    .         Rampage  .   (no gloves)
Will     .....     NoTele   +   n - +0 pair of boots
Stlth    ..........             (no amulet)
HPRegen  0.18/turn              o - +3 ring of intelligence
MPRegen  0.13/turn              p - +3 ring of intelligence

@: very slow
A: distributed training, fangs 1, strong nose
a: Renounce Religion, Bend Time


You were in the Dungeon.
You worshipped Cheibriados.
Cheibriados was aware of your devotion.
You visited 1 branch

Inventory:

Hand Weapons
 a - a +0 war axe
 l - the +1 broad axe of Context (weapon) {vorpal, rPois Int+2 Dex+2}
   (You found it in the Dungeon)

   It inflicts extra damage upon your enemies.
   It affects your intelligence (+2).
   It affects your dexterity (+2).
   It protects you from poison.
Armour
 b - a +0 scale mail
 c - a +0 kite shield (worn)
 m - a +1 chain mail (worn)
 n - a +0 pair of boots (worn)
Jewellery
 o - a +3 ring of intelligence (left hand)
 p - a +3 ring of intelligence (right hand)
Wands
 k - a wand of acid (10)
Scrolls
 g - 3 scrolls of remove curse
 i - 2 scrolls of amnesia
 j - 2 scrolls of blinking
Potions
 d - a potion of invisibility
 e - 5 potions of curing
 f - 3 potions of heal wounds
 h - 4 potions of magic


   Skills:
 + Level 7.9 Fighting
 + Level 4.2 Short Blades
 + Level 4.2 Long Blades
 + Level 6.3 Axes
 + Level 4.2 Maces & Flails
 + Level 4.2 Polearms
 + Level 4.2 Staves
 + Level 4.2 Slings
 + Level 4.2 Bows
 + Level 4.2 Crossbows
 + Level 4.2 Throwing
 + Level 7.9 Armour
 + Level 4.2 Dodging
 + Level 4.2 Stealth
 + Level 7.9 Shields
 + Level 4.2 Unarmed Combat
 + Level 4.2 Spellcasting
 + Level 3.5 Conjurations
 + Level 3.5 Hexes
 + Level 3.5 Summonings
 + Level 3.5 Necromancy
 + Level 3.5 Translocations
 + Level 3.5 Transmutations
 + Level 3.5 Fire Magic
 + Level 3.5 Ice Magic
 + Level 3.5 Air Magic
 + Level 3.5 Earth Magic
 + Level 3.5 Poison Magic
 + Level 4.7 Invocations
 + Level 4.2 Evocations


You had 13 spell levels left.
You didn't know any spells.
Your spell library was empty.

Dungeon Overview and Level Annotations

Branches:
Dungeon (1/1)

Altars:
Cheibriados
Dithmenos
Elyvilon
Fedhas
Gozag
Hepliaklqana
Kikubaaqudgha
Makhleb
Nemelex Xobeh
Okawaru
Qazlal
Ru
Sif Muna
Trog
Uskayaw
Vehumet
Wu Jian
Xom
Yredelemnul
Zin
The Shining One
Beogh
Jiyva
Lugonu


Innate Abilities, Weirdness & Mutations

Your experience applies equally to all skills.
You have very sharp teeth.
Your uncanny sense of smell can sniff out nearby items.


Message History

Unknown command.
Unknown command.
You are engulfed in a cloud of scalding steam.
The steam dragon breathes steam at you. The ball of steam hits you!
You block the steam dragon's attack.
The steam dragon claws you but does no damage.
There is an open door to the Dungeon, spattered with blood here.
Items here: ) †††.
You hit the steam dragon.
The steam dragon is lightly wounded.
You are engulfed in a cloud of scalding steam.
The worker ant waves its antennae.
The steam dragon bites you. You block the steam dragon's attack.
You barely miss the steam dragon.
The steam dragon is lightly wounded.
The steam dragon breathes steam at you. The ball of steam hits you!!
* * * LOW HITPOINT WARNING * * *
The steam dragon bites you.
You die...

▓+▓
∆
▓.▓
∆
▓.▓
▓.▓
∆
▓Z▓
▓B▓
∆
▓D▓
∆
▓@▓
∆
▓§▓
∆
▓§▓
▓§▓
▓[▓
▓.▓
▓.▓
▓)▓
▓.▓


You could see a steam dragon (catching breath), a worker ant and an adder
zombie.

Vanquished Creatures
  An ogre (D)
  A big kobold (D)
  A killer bee (D)
  A howler monkey (D)
  A worker ant (D)
  A worm (D)
  A bat skeleton (D)
  3 hobgoblins (D)
  A jackal (D)
  2 goblins (D)
13 creatures vanquished.

Notes
Turn   | Place    | Note
-------+----------+-------------------------------------------
     0 | D        | Groucho the Gnoll Fighter began the quest for the Orb.
     0 | D        | Reached XP level 1. HP: 23/23 MP: 1/1
    28 | D        | Reached skill level 1 in Invocations
    30 | D        | Reached skill level 1 in Short Blades
    30 | D        | Reached skill level 1 in Long Blades
    30 | D        | Reached skill level 1 in Maces & Flails
    30 | D        | Reached skill level 1 in Polearms
    30 | D        | Reached skill level 1 in Staves
    30 | D        | Reached skill level 1 in Slings
    30 | D        | Reached skill level 1 in Bows
    30 | D        | Reached skill level 1 in Crossbows
    30 | D        | Reached skill level 1 in Throwing
    30 | D        | Reached skill level 1 in Dodging
    30 | D        | Reached skill level 1 in Stealth
    30 | D        | Reached skill level 1 in Unarmed Combat
    30 | D        | Reached skill level 1 in Spellcasting
    30 | D        | Reached skill level 1 in Evocations
   127 | D        | Noticed a howler monkey
   127 | D        | Noticed an ogre
   130 | D        | Reached XP level 2. HP: 29/29 MP: 3/3
   133 | D        | Killed an ogre
   134 | D        | Reached skill level 5 in Axes
   134 | D        | Reached XP level 3. HP: 36/36 MP: 4/7
   134 | D        | Reached XP level 4. HP: 43/43 MP: 4/8
   139 | D        | Reached XP level 5. HP: 48/48 MP: 4/9
   314 | D        | Found a roughly hewn altar of Beogh.
   314 | D        | Found a snail-covered altar of Cheibriados.
   314 | D        | Found a shadowy altar of Dithmenos.
   314 | D        | Found a white marble altar of Elyvilon.
   314 | D        | Found a blossoming altar of Fedhas.
   314 | D        | Found an opulent altar of Gozag.
   315 | D        | Found a hazy altar of Hepliaklqana.
   316 | D        | Found a viscous altar of Jiyva.
   317 | D        | Found an ancient bone altar of Kikubaaqudgha.
   318 | D        | Found a corrupted altar of Lugonu.
   319 | D        | Found a burning altar of Makhleb.
   320 | D        | Found a sparkling altar of Nemelex Xobeh.
   321 | D        | Found an iron altar of Okawaru.
   322 | D        | Found a stormy altar of Qazlal.
   323 | D        | Found a sacrificial altar of Ru.
   324 | D        | Found a shimmering blue altar of Sif Muna.
   325 | D        | Found a bloodstained altar of Trog.
   326 | D        | Found a hide-covered altar of Uskayaw.
   327 | D        | Found a radiant altar of Vehumet.
   328 | D        | Found an ornate altar of the Wu Jian Council.
   329 | D        | Found a shimmering altar of Xom.
   342 | D        | Became a worshipper of Cheibriados the Contemplative
   355 | D        | Found a basalt altar of Yredelemnul.
   356 | D        | Found a glowing silver altar of Zin.
   357 | D        | Found a glowing golden altar of the Shining One.
   373 | D        | Got the +1 broad axe of Context {vorpal, rPois Int+2 Dex+2}
   414 | D        | Noticed a steam dragon
   414 | D        | Noticed a big kobold
   422 | D        | Reached * piety under Cheibriados
   425 | D        | Killed a big kobold
   426 | D        | Reached XP level 6. HP: 50/56 MP: 10/12
   428 | D        | HP: 2/56 [steam dragon/ball of steam (18)]
   428 | D        | Slain by a steam dragon

Illustrated notes

Levels and vault maps discovered:
D:        linesprint [early_d, line_temple, items_1, d_10, items_2, lair_1,
          lair_end, items_3, orc_1, orc_end, items_4, d_15, swamp_1, shoals_1,
          snake_1, spider_1, d_20, vaults_1, items_5, swamp_end, shoals_end,
          snake_end, spider_end, vaults_end, d_27, items_6, zot_1, zot_end,
          crypt_end, forest_end, elf_end, slime_end, tomb_end, abyss_end,
          pan_hell_end]

Skill      XL: |  1  2  3  4  5 |
---------------+----------------+-----
Invocations    | 1 3 4 |  4.7
Short Blades   | 1 2 3 4 |  4.2
Long Blades    | 1 2 3 4 |  4.2
Maces & Flails | 1 2 3 4 |  4.2
Polearms       | 1 2 3 4 |  4.2
Staves         | 1 2 3 4 |  4.2
Slings         | 1 2 3 4 |  4.2
Bows           | 1 2 3 4 |  4.2
Crossbows      | 1 2 3 4 |  4.2
Throwing       | 1 2 3 4 |  4.2
Dodging        | 1 2 3 4 |  4.2
Stealth        | 1 2 3 4 |  4.2
Unarmed Combat | 1 2 3 4 |  4.2
Spellcasting   | 1 2 3 4 |  4.2
Evocations     | 1 2 3 4 |  4.2
Fighting       | 7 |  7.9
Axes           | 5 6 |  6.3
Armour         | 7 |  7.9
Shields        | 7 |  7.9
Conjurations   | 2 3 |  3.5
Hexes          | 2 3 |  3.5
Summonings     | 2 3 |  3.5
Necromancy     | 2 3 |  3.5
Translocations | 2 3 |  3.5
Transmutations | 2 3 |  3.5
Fire Magic     | 2 3 |  3.5
Ice Magic      | 2 3 |  3.5
Air Magic      | 2 3 |  3.5
Earth Magic    | 2 3 |  3.5
Poison Magic   | 2 3 |  3.5

Action                   |  1- 3 |  4- 6 || total
-------------------------+-------+-------++-------
Melee: War axe           |    27 |     6 ||    33
       Bite              |     4 |     1 ||     5
       Broad axe         |       |    13 ||    13
  Use: Potion            |     3 |       ||     3
Armor: Scale mail        |     4 |       ||     4
       Chain mail        |       |     4 ||     4
Dodge: Dodged            |     3 |     5 ||     8
Block: Kite shield       |     9 |    13 ||    22
